 Dungeon Crawl Stone Soup version 0.23.0-3-gf3c87f2df8 (webtiles) character file.

Game seed: 1939212876119706240

59 Jukra the Skirmisher (level 3, 0/49 HPs)
             Began as a Draconian Berserker on Feb 24, 2019.
             Was a Believer of Trog.
             Succumbed to an orc's poison
             ... on level 3 of the Dungeon.
             The game lasted 00:02:57 (1166 turns).

Jukra the Skirmisher (Draconian Berserker)          Turns: 1166, Time: 00:02:58

Health: 0/49       AC:  6    Str: 25    XL:     3   Next: 78%
Magic:  3/3        EV: 13    Int:  7    God:    Trog [**....]
Gold:   168        SH:  0    Dex: 10    Spells: 2/2 levels left

rFire    . . .     SeeInvis .   a - +0 hand axe
rCold    . . .     Gourm    .   (no shield)
rNeg     . . .     Faith    .   (armour unavailable)
rPois    .         Spirit   .   (helmet restricted)
rElec    .         Reflect  .   (no cloak)
rCorr    .         Harm     .   (no gloves)
MR       .....                  f - +0 pair of boots
Stlth    ..........             (no amulet)
HPRegen  0.16/turn              (no ring)
MPRegen  0.08/turn              (no ring)

@: berserking, lethally poisoned (0 -> -15), very quick
A: unfitting armour, cold-blooded, AC +5
a: Berserk, Trog's Hand, Renounce Religion


You were on level 3 of the Dungeon.
You worshipped Trog.
Trog was pleased with you.
You were near starving.

You visited 1 branch of the dungeon, and saw 3 of its levels.

You collected 168 gold pieces.

Inventory:

Hand Weapons
 a - a +0 hand axe (weapon)
 n - a +0 trident of venom
Armour
 f - a +0 pair of boots (worn)
 h - +0 pearl dragon scales
Jewellery
 i - an uncursed ring of positive energy {unknown}
Scrolls
 c - a scroll of noise {unknown}
 d - 3 scrolls of amnesia {unknown}
 e - 4 scrolls of identify {unknown}
 k - a scroll of fear {unknown}
 l - a scroll of remove curse {unknown}
Potions
 g - a potion of heal wounds {unknown}
 j - a potion of resistance {unknown}
 m - a potion of mutation {unknown}
Comestibles
 b - 3 rations


   Skills:
 + Level 4.0 Fighting
 + Level 3.6 Axes
 + Level 3.2 Dodging
 + Level 0.4 Stealth


You had 2 spell levels left.
You didn't know any spells.
Your spell library was empty.

Dungeon Overview and Level Annotations

Branches:
Dungeon (3/15)

Altars:
Vehumet
Wu Jian


Innate Abilities, Weirdness & Mutations

Your plain brown scales are hard. (AC +5)
You cannot fit into any form of body armour.
You are cold-blooded and may be slowed by cold attacks.


Message History

A red film seems to cover your vision as you go berserk!
You feel yourself moving faster!
You feel mighty!
You are near starving!
The orc hits you with a +0 trident of venom.
* * * LOW HITPOINT WARNING * * *
You are more poisoned.
You slash the orc!
You kill the orc!
Trog accepts your kill.
* * * LOW HITPOINT WARNING * * *
You feel sick.
* * * LOW HITPOINT WARNING * * *
You feel sick.
Found a ration.
Things that are here:
a +0 trident of venom; an orc corpse You are too berserk!
n - a +0 trident of venom You feel a strong urge to attack something.
You die...

# .# .# .#
###########.# .#####
...)........#####.....#
.#####.†..####.. ?....#
.# #....####.##.....#
.# #......##.#.....$#%
.# #..........@_......
.# #......#.)....#.###
.# #......#.....## .#
####...#..).....# .#
#...#.....#### .#
#...#####.# .# #.... .#
.. ##### .# .. .#


There were no monsters in sight!

Vanquished Creatures
  2 adders
  2 worms (D:2)
  4 orcs (D:3)
  4 bats
  2 giant cockroaches (D:1)
  3 hobgoblins
  5 kobolds
  2 frilled lizards (D:2)
  3 goblins
  6 rats
33 creatures vanquished.

Notes
Turn   | Place    | Note
-------+----------+-------------------------------------------
     0 | D:1      | Jukra the Draconian Berserker began the quest for the Orb.
     0 | D:1      | Reached XP level 1. HP: 19/19 MP: 1/1
   426 | D:1      | Reached XP level 2. HP: 24/26 MP: 2/2
   614 | D:2      | Found a radiant altar of Vehumet.
   728 | D:2      | Reached ** piety under Trog
   728 | D:2      | Reached XP level 3. HP: 32/33 MP: 3/3
  1139 | D:3      | Found an ornate altar of the Wu Jian Council.
  1154 | D:3      | Reached skill level 4 in Fighting
  1164 | D:3      | HP: 2/49 [poisoned by an orc]
  1166 | D:3      | Succumbed to an orc's poison

Skill      XL: |  1  2  3 |
---------------+----------+-----
Dodging        | 3 |  3.2
Fighting       | 4 |  4.0
Axes           | |  3.6
Stealth        | |  0.4

Action                   || total
-------------------------++-------
Melee: Hand axe          ||    93
       Tailslap          ||     7
Invok: Berserk           ||     1
 Stab: Sleeping          ||     1
Armor: Skin              ||    28
Dodge: Dodged            ||    71
